Unix NetHack Version 5.0.0-0 post-release - last build May  4 2026 22:22:43 (774f63e81ad911689b3a0859ea89b322d5daca8d,branch:main).

Game began 2026-05-04 20:36:07, ended 2026-05-05 00:40:24.

BilldaCat, neutral male human Wizard

  --------
  |.{....|           --------
  |......|           |......|
  |.......#####      |......|     ------
  |......|    #      |.....m)#####.....|
  |......|    #      |......|     |....-#
  |......|    #######.......|     |....|)
  ----.---           -.------     |....|#
     ###                          ------%
     #                                  #
     #                               ###[
    -.---                               ###
    |...|                               # |
    |.[.@#                              #  .
    |<..|Z#                                ..
    ----- #                                 ...
          ######                            ----

BilldaCat the Thaumaturge  St:11 Dx:14 Co:15 In:18 Wi:13 Ch:9  Neutral
Dlvl:11 $:80 HP:0(51) Pw:4(116) AC:0  Xp:9 T:5481 

Latest messages:
 You stop waiting.
 In what direction? 6
 The door closes.
 What do you want to use or apply? [bcfgik-ot-wyCEHSX or ?*] k
 In what direction? 6
 Lock it? [ynq] (q) y
 The bugbear opens a door.
 You stop locking the door.
 You hit the bugbear.
 The bugbear swings her curved sword.
 The bugbear hits!
 In what direction? 6
 The spell hits the bugbear!
 What do you want to zap? [cfgilotyCESX or ?*] ?
 Never mind.
 The bugbear throws a crude dagger!
 You are hit by a crude dagger.
 In what direction? 6
 You kick a crude dagger.
 The bugbear puts on an iron skull cap.
 The bugbear throws a crude dagger!
 You are hit by a crude dagger.
 The werejackal picks up a crude dagger.
 In what direction? 1
 The spell hits the bugbear!
 What do you want to put on? [dzDKLW or ?*] ?
 Never mind.
 What do you want to zap? [cfgilotyCESX or ?*] ?
 In what direction? .
 Where do you want to be teleported?
 (For instructions type a '?')
 You materialize in a different location!
 You hear a jackal howling at the moon.
 You stop waiting.
 You climb up the stairs.
 The pyrolisk attacks you with a fiery gaze!
 You stop waiting.
 Your oil lamp catches light!
 You descend the stairs.
 What do you want to zap? [cfgilotyCESX or ?*] f
 In what direction? 8
 The bolt of cold hits the giant zombie.
 What do you want to zap? [cfgilotyCESX or ?*] ?
 In what direction? 8
 The giant zombie vanishes!
 In what direction? 6
 The door resists!
 The giant zombie hits!
 You die...
 Do you want your possessions identified? [ynq] (y) q

Inventory:
 Coins    ('$')
  $ - 80 gold pieces
 Amulets  ('"')
  K - an uncursed amulet of reflection named refl
 Weapons  (')')
  a - a blessed +1 quarterstaff (weapon in hands)
 Armor    ('[')
  j - a blessed fireproof +0 pair of speed boots (being worn)
  I - an uncursed burnt +0 cloak of magic resistance (being worn)
  q - an uncursed +0 Hawaiian shirt with a flamingo motif (being worn)
  J - a blessed greased rotproof +0 silver dragon scale mail (being worn)
 Comestibles  ('%')
  r - an uncursed food ration
  F - an uncursed tripe ration
 Rings    ('=')
  d - an uncursed ring of cold resistance
  W - a cursed ring of hunger
  e - an uncursed +1 ring of increase damage (on left hand)
  D - an uncursed ring of searching
  z - an uncursed ring of sustain ability
  x - an uncursed ring of teleport control (on right hand)
  L - an uncursed ring of teleport control
 Wands    ('/')
  f - a wand of cold (0:0)
  g - a wand of digging (0:5)
  E - a wand of enlightenment (0:12)
  l - a wand of light (0:14)
  o - a wand of light (0:13)
  y - a wand of light (0:13)
  c - a wand of magic missile (0:0)
  X - a wand of magic missile (0:0)
  C - a wand of secret door detection (0:11)
  t - a wand of teleportation (0:1)
  S - a wand of teleportation (0:0)
  i - a wand of wishing (0:0)
 Tools    ('(')
  b - an uncursed sack containing 14 items
  H - an expensive camera (0:28)
  n - an uncursed magic lamp (lit)
  m - a magic marker (0:12)
  w - an uncursed magic whistle
  v - a blessed oil lamp (lit)
  k - an uncursed skeleton key
  u - a +0 unicorn horn

Contents of the sack:
  3 uncursed scrolls of blank paper
  a cursed scroll of blank paper
  2 uncursed scrolls of confuse monster
  an uncursed scroll of earth named earth
  2 uncursed scrolls of enchant weapon
  an uncursed scroll of light
  an uncursed scroll of remove curse
  an uncursed scroll of teleportation
  4 uncursed potions of water
  an uncursed potion of full healing
  an uncursed potion of speed
  a cursed potion of gain energy
  an uncursed potion of levitation
  a cursed potion of monster detection

BilldaCat the Wizard's attributes:

Background:
 You were a Thaumaturge, a level 9 male human Wizard.
 You were neutral, on a mission for Thoth
 who was opposed by Ptah (lawful) and Anhur (chaotic).
 You were right-handed.
 You were in the Dungeons of Doom, on level 11.
 You entered the dungeon 5481 turns ago.
 It was the midnight hour.
 You had 4203 experience points, 917 more were needed to attain level 10.

Basics:
 You had 0 out of 51 hit points.
 You had 4 out of 116 energy points (spell power).
 Your armor class was 0.
 Your wallet contained 80 zorkmids.
 Autopickup was on for '$"?!/=' plus thrown, with exceptions.

Final Characteristics:
 Your strength was 11 (limit:18/100).
 Your dexterity was 14 (limit:18).
 Your constitution was 15 (limit:18).
 Your intelligence was 18 (limit:18).
 Your wisdom was 13 (limit:18).
 Your charisma was 9 (limit:18).

Final Status:
 You weren't hungry.
 You were unencumbered.
 You were wielding a quarterstaff.
 You had basic skill with quarterstaff and could have enhanced that.

Final Attributes:
 You were piously aligned.
 You were magic-protected.
 You were telepathic.
 You had teleport control.
 You had a small damage bonus (+1).
 You were warded.
 You were very fast.
 You had reflection.
 You are dead.

Miscellaneous:
 You didn't encounter any bones levels.
 Total elapsed playing time was 1 hour, 3 minutes and 3 seconds.

Major events:
 Turn
    1: BilldaCat the neutral male human Wizard entered the dungeon
  427: stole 5096 zorkmids worth of merchandise from Aklavik's general store
  526: attained the rank of Conjurer (level 3)
  953: entered the Gnomish Mines
 1241: attained the rank of Thaumaturge (level 6)
 1408: reached Mine Town
 1443: read a Discworld novel
 1610: made his first wish - "blessed greased fixed +5 silver dragon scale mail", got "a greased silver dragon scale mail"
 2925: wished for "blessed fixed +5 fireproof pair of speed boots", got "a pair of snow boots"
 2972: entered Sokoban
 3210: completed 1st Sokoban level
 3432: completed 2nd Sokoban level
 3822: completed 3rd Sokoban level
 4248: completed 4th Sokoban level
 4656: acquired the Sokoban amulet of reflection
 5481: killed by a giant zombie

Spells:
 Name                 Level Category     Fail Retention
 force bolt             1   attack         0%   71%-75%
 magic missile          2   attack         0%   71%-75%
 chain lightning        2   attack         0%   76%-80%
 light                  1   divination     0%  76%-100%
 protection             1   clerical       0%  76%-100%
 levitation             4   escape        93%  76%-100%
 dig                    5   matter        98%  76%-100%

Skills:
 Fighting Skills
   bare handed combat [Unskilled]
   riding             [Unskilled]
 Weapon Skills
   dagger             [Unskilled]
   knife              [Unskilled]
   axe                [Unskilled]
   short sword        [Unskilled]
   club               [Unskilled]
   mace               [Unskilled]
   quarterstaff       [Basic]
   polearms           [Unskilled]
   spear              [Unskilled]
   trident            [Unskilled]
   sling              [Unskilled]
   dart               [Unskilled]
   shuriken           [Unskilled]
 Spellcasting Skills
   attack spells      [Skilled]
   healing spells     [Unskilled]
   divination spells  [Unskilled]
   enchantment spells [Basic]
   clerical spells    [Unskilled]
   escape spells      [Unskilled]
   matter spells      [Unskilled]

Voluntary challenges:
 Character rerolling was not enabled.
 You never genocided any monsters.
 You never polymorphed an object.
 You never changed form.
 You used 2 wishes.
 You did not wish for any artifacts.
 You violated the special Sokoban rules thrice.
Achievements:
 You entered a shop.
 You attained the rank of Conjurer.
 You entered the Gnomish Mines.
 You attained the rank of Thaumaturge.
 You entered Minetown.
 You read from a Discworld novel.
 You entered a temple.
 You entered Sokoban.
 You completed Sokoban.

 The Dungeons of Doom: levels 1 to 11
    Level 1:
       A fountain.
    Level 2:
       An armor shop, some fountains.
    Level 3:
       A general store, a grave.
    Level 4:
       Some fountains.
       Stairs down to The Gnomish Mines.
    Level 5:
    Level 6:
       A fountain.
    Level 7:
    Level 8:
       A fountain.
    Level 9:
       Some fountains.
       Oracle of Delphi.
    Level 10:
       A temple and an altar, a fountain, a sink.
       Stairs up to Sokoban, level 9.
    Level 11: <- You were here.
       A fountain.
       Final resting place for
          you, killed by a giant zombie.
 The Gnomish Mines: levels 5 to 7
    Level 5:
    Level 6:
    Level 7:
       Many shops, a temple and an altar, some fountains.
 Sokoban: levels 9 up to 6
    Level 6:
       Solved.
    Level 7:
       Solved.
    Level 8:
       Solved.
    Level 9:
       Solved.


Vanquished creatures:
  a giant mimic
 an ogre tyrant
  a water elemental
  a small mimic
  a warhorse
  a xan
  a quantum mechanic
  2 wood golems
  a large dog
  a freezing sphere
  a flaming sphere
  a shocking sphere
  a dwarf ruler
  2 tengu
 an ochre jelly
  2 leocrottas
 an energy vortex
 an amorous demon
  a wolf
  2 winter wolf cubs
  a gremlin
 an ice vortex
  a rust monster
  2 owlbears
  2 lizards
  a chickatrice
  a housecat
  a black unicorn
  a dust vortex
  a raven
  2 plains centaurs
  a human zombie
  a Woodland-elf
  a soldier ant
  a fire ant
  2 bugbears
  a quasit
  2 mountain nymphs
  2 Mordor orcs
 an Uruk-hai
  a rock mole
  2 ponies
  a fog cloud
  3 yellow lights
  a violet fungus
  6 gnome leaders
  2 gnomish wizards
  2 Kop Lieutenants
  a kobold mummy
  a gray ooze
  a barrow wight
  4 straw golems
  3 floating eyes
  5 dwarves
  4 hill orcs
  3 rothes
  a centipede
  5 Kop Sergeants
  a wererat
  a werejackal
  3 iguanas
  4 coyotes
  a gas spore
  a hobbit
  a manes
  a large kobold
  3 hobgoblins
  a cave spider
  a green mold
 18 gnomes
 14 Keystone Kops
  3 geckos
  2 foxes
  a goblin
  3 sewer rats
  a grid bug
  3 bats
  3 lichens
  2 kobold zombies
  2 newts
166 creatures vanquished.

No species were genocided or became extinct.

Game over:
                       ----------
                      /          \
                     /    REST    \
                    /      IN      \
                   /     PEACE      \
                  /                  \
                  |    BilldaCat     |
                  |      80 Au       |
                  |   killed by a    |
                  |   giant zombie   |
                  |                  |
                  |                  |
                  |       2026       |
                 *|     *  *  *      | *
        _________)/\\_//(\/(/\)/\//\/|_)_______

Goodbye BilldaCat the Wizard...

You died in The Dungeons of Doom on dungeon level 11 with 15556 points,
and 80 pieces of gold, after 5481 moves.
You were level 9 with a maximum of 51 hit points when you died.

